Map: Ulrena

Players

lesha - Winner!

  • Race: Terran Terran
  • League: Gold

Staun

  • Race: Zerg Zerg
  • League: Silver

VOD

Have the link to the VOD?

Description

Time

  • Played on: Jan. 6, 2016, 10:17 p.m.
  • Length: 8:41
Show
View Real Time Build Order
Export as new Build Order

lesha Terran - Winner!

Build Orders: Reaper Expand 

Get SALT Encoding   

  12  0:01  SCV  
  13  0:13  SCV  
  14  0:18  Supply Depot  
  14  0:26  SCV  
  15  0:40  SCV  
  15  0:42  Barracks  
  16  0:46  Refinery  
  16  0:52  SCV  
  17  1:06  SCV  
  18  1:18  SCV  
  19  1:29  Reaper  
  19  1:30  Orbital Command  
  20  1:47  Supply Depot  
  20  1:53  Command Center  
  20  1:58  SCV  
  21  2:23  SCV  
  22  2:34  Factory  
  22  2:35  SCV, Barracks  
  23  2:37  Barracks  
  23  2:44  Barracks Reactor  
  23  2:55  SCV  
  23  2:56  Bunker  
  24  3:01  Refinery  
  24  3:09  SCV  
  24  3:33  Marine x2  
  24  3:34  Marine x2  
  26  3:36  Factory Tech Lab  
  26  3:38  SCV  
  29  3:50  SCV  
  29  3:51  Starport  
  29  3:53  Barracks  
  29  3:55  Marine x2  
  31  3:56  Supply Depot x2, Barracks Tech Lab  
  31  3:59  Barracks Reactor  
  31  4:01  Supply Depot  
  31  4:02  SCV  
  33  4:13  Orbital Command  
  33  4:16  SCV  
  34  4:28  Marine x2  
  34  4:30  Marauder  
  38  4:32  Bunker  
  38  4:35  Siege Tank  
  41  4:38  Starport Reactor  
  41  4:41  Marine  
  41  4:45  SCV x2  
  44  4:55  Marine x3  
  44  4:57  Barracks Reactor  
  47  5:04  Supply Depot  
  47  5:10  SCV  
  47  5:11  SCV  
  47  5:13  Stimpack  
  49  5:21  Refinery  
  49  5:34  Marauder  
  51  5:35  Marine x2  
  51  5:36  Marine x2  
  51  5:37  Marine x2  
  51  5:39  Medivac  
  59  5:47  SCV x2  
  59  5:49  Engineering Bay  
  61  5:50  Medivac  
  63  5:59  SCV x2  
  65  6:06  Supply Depot  
  62  6:19  Medivac  
  62  6:20  Marine x2  
  62  6:21  Marauder, Marine x3  
  62  6:22  Marine  
  62  6:25  Siege Tank  
  75  6:27  SCV x2  
  77  6:35  Terran Infantry Weapons Level 1  
  77  6:38  Marine  
  77  6:39  SCV x2  
  80  6:41  Marine x3  
  80  6:42  Marine  
  71  7:06  Marine x7  
  71  7:08  Medivac x2  
  79  7:25  Marauder  
  79  7:26  Marine  
  79  7:27  Marine x4  
  86  7:38  Supply Depot  
  86  7:41  Supply Depot  
  86  7:42  Supply Depot  
  86  7:47  Command Center  
  86  8:00  SCV x2, Marauder, Marine x4  
  86  8:02  Marine x2  
  86  8:04  Medivac  
  98  8:12  SCV x2  
  96  8:18  Marine x2  
Show
View Real Time Build Order
Export as new Build Order

Staun Zerg 

Build Orders: Pool First 

Get SALT Encoding   

  12  0:02  Drone  
  13  0:24  Spawning Pool  
  13  0:26  Drone  
  13  0:32  Drone  
  14  0:39  Overlord  
  14  1:15  Zergling x6  
  14  1:17  Hatchery  
  16  1:27  Queen  
  18  1:43  Extractor  
  17  1:47  Drone x2  
  18  2:21  Drone x3  
  21  2:32  Queen  
  23  2:39  Drone x2  
  25  2:54  Drone x3  
  25  2:56  Overlord  
  28  3:01  Hatchery  
  27  3:15  Drone x5  
  27  3:16  Drone  
  33  3:37  Queen  
  35  3:50  Drone  
  35  3:51  Overlord  
  35  3:52  Overlord, Roach Warren  
  35  4:09  Drone  
  36  4:24  Queen  
  36  4:30  Lair  
  38  4:32  Roach  
  38  4:33  Roach x5  
  38  4:37  Extractor  
  49  4:42  Spore Crawler  
  48  4:48  Drone  
  48  4:49  Drone x3, Extractor  
  48  4:50  Drone  
  48  4:52  Overlord  
  52  5:00  Queen  
  52  5:04  Overlord x2  
  54  5:25  Roach  
  54  5:26  Roach x6  
  68  5:45  Roach x5  
  78  5:56  Extractor  
  77  6:17  Ravager x3  
  64  7:02  Hatchery  
  64  7:03  Roach x2  
  64  7:04  Roach x8  
  64  7:06  Overlord x2  
  77  7:30  Roach x5  
  77  7:31  Roach x3  
  68  8:23  Zergling x12  
  68  8:24  Zergling x12  
Tags
 
Add a new tag
Caveats
  • Supply blocks, unpowered buildings, or Contaminate may cause inaccurate times.
  • Supply counts are checked every 10 seconds.